Match 46871124
Unlisted

Match 46871124
End
Kettenkrad Recon Vehicle
Construct Infanterie Kompanie
Selects Terror Battlegroup
Selects Terror Battlegroup
MG 42 Machine Gun Team
Selects Machine Gun Camouflage
Grenadier Squad
Grenadier Squad
Medical Station
Construct Luftwaffe Kompanie
Selects Contempt for the Weak
Jäger Squad
Support Elements
Wirbelwind Flakpanzer
Wirbelwind Flakpanzer
Luftwaffe Officer Quarters
Marder III M Tank Destroyer
Selects Propaganda Leaflet Drop
Propaganda Leaflet Drop
Construct Panzer Kompanie
MG 42 Machine Gun Team
Propaganda Leaflet Drop
Reactive
Clavis
Konrad Curze
FLOKL
[PD] PragerSchinken
갈새
chonk
J
0
0

Comments sign in to comment!

No comments posted yet!